 Dungeon Crawl Stone Soup version 0.27-a0-1591-gc56fcc985a (webtiles) character file.

Game seed: 14244326473023319129

47 DocSulfur the Ruffian (level 3, -8/28 HPs)
             Began as a Draconian Transmuter on July 19, 2021.
             Mangled by Sigmund (11 damage)
             ... on level 2 of the Dungeon.
             The game lasted 00:03:10 (1372 turns).

DocSulfur the Ruffian (Draconian Transmuter)        Turns: 1372, Time: 00:03:10

Health: -8/28      AC:  6    Str: 13    XL:     3   Next: 48%
Magic:  6/6        EV: 12    Int: 13    God:
Gold:   37         SH:  0    Dex: 11    Spells: 3/6 levels left

rFire    . . .     SeeInvis .     - Unarmed
rCold    . . .     Faith    .   (no shield)
rNeg     . . .     Spirit   .   (armour unavailable)
rPois    .         Reflect  .   (helmet restricted)
rElec    .         Harm     .   (no cloak)
rCorr    .         Rampage  .   (no gloves)
Will     .....                  k - +0 pair of boots
Stlth    +.........             c - amulet of magic regeneration
HPRegen  0.09/turn              (no ring)
MPRegen  0.35/turn              (no ring)

@: no status effects
A: AC +5, unfitting armour, cold-blooded
a: no special abilities


You were on level 2 of the Dungeon.
You visited 1 branch of the dungeon, and saw 2 of its levels.

You collected 37 gold pieces.

Inventory:

Missiles
 d - 8 boomerangs
 e - 53 stones
Armour
 k - a +0 pair of boots (worn)
Jewellery
 c - an amulet of magic regeneration (around neck)
 j - a ring of fire
Scrolls
 a - a scroll of enchant armour {unknown}
 g - 3 scrolls of identify {unknown}
 h - a scroll of noise {unknown}
 i - a scroll of fog {unknown}
 m - a scroll of amnesia {unknown}
Potions
 b - a potion of might {unknown}
 f - a potion of curing {unknown}
 l - a potion of brilliance {unknown}


   Skills:
 - Level 1.1 Fighting
 - Level 1.7 Dodging
 * Level 4.1 Unarmed Combat
 - Level 2.0 Spellcasting
 + Level 2.7 Transmutations


You had 3 spell levels left.
You knew the following spells:

 Your Spells              Type           Power      Damage    Failure   Level
a - Beastly Appendage     Tmut           16%        N/A       9%          1
b - Wereblood             Tmut           8%         N/A       13%         2

Your spell library contained the following spells:

 Spells                   Type           Power      Damage    Failure   Level
 Spider Form              Tmut/Pois      2%         N/A       41%         3
 Ice Form                 Ice/Tmut       4%         N/A       82%         4


Dungeon Overview and Level Annotations

Branches:
Dungeon (2/15)

Altars:

Annotations:
D:2 Robin, Sigmund


Innate Abilities, Weirdness & Mutations

Your plain brown scales are hard. (AC +5)
You cannot fit into any form of body armour.
You are cold-blooded and may be slowed by cold attacks.


Message History

You kill the endoplasm!
You punch the frilled lizard!
You kill the frilled lizard!
A worm and Sigmund come into view.
Sigmund shouts!
Sigmund misses you.
Items here: ! )) †††.
Sigmund closely misses you.
You hit Sigmund.
Sigmund is lightly wounded.
Sigmund misses you.
You closely miss Sigmund. You tail-slap Sigmund!
Sigmund is heavily wounded.
Your primal bloodlust has ended.
Sigmund points at you and mumbles some strange words.
You resist with significant effort.
You hit Sigmund.
Sigmund is severely wounded.
Sigmund completely misses you.
You hit Sigmund.
Sigmund is severely wounded.
You hit Sigmund but do no damage.
Sigmund is severely wounded.
Sigmund barely misses you. The worm bites you.
You barely miss Sigmund.
Sigmund is severely wounded.
Sigmund hits you with a +0 scythe!
You barely miss Sigmund.
Sigmund is severely wounded.
Sigmund hits you with a +0 scythe.
* * * LOW HITPOINT WARNING * * *
The worm bites you.
* * * LOW HITPOINT WARNING * * *
You closely miss Sigmund.
Sigmund is severely wounded.
Sigmund closely misses you. The worm barely misses you.
You closely miss Sigmund.
Sigmund is severely wounded.
Sigmund hits you with a +0 scythe!
You die...

#......# #.......#
#......# #.......#
#..†...# ##..<....#
#.....## #........#
#......# #........#
#.....<#
#........####......#####
#......@w...............
.......@#####...........
########.!...............
..######.##......#..##.##
.........##..............
......#..#########..##...
......#..# #[.##..#
.........# #..##..#
......#..# ####.......
......#..######..........


You could see Sigmund and a worm.

Vanquished Creatures
  A dart slug (D:1)
  4 ball pythons
  3 bats (D:1)
  4 endoplasms
  A giant cockroach (D:2)
  3 hobgoblins
  6 jackals (D:2)
  4 frilled lizards
  8 goblins
  3 kobolds
  2 rats
39 creatures vanquished.

Notes
Turn   | Place    | Note
-------+----------+-------------------------------------------
     0 | D:1      | DocSulfur the Draconian Transmuter began the quest for the
                  | Orb.
     0 | D:1      | Reached XP level 1. HP: 16/16 MP: 3/3
   263 | D:1      | Reached XP level 2. HP: 14/23 MP: 5/5
  1174 | D:2      | Learned a level 2 spell: Wereblood
  1188 | D:2      | Reached XP level 3. HP: 19/28 MP: 6/6
  1321 | D:2      | Noticed Robin
  1347 | D:2      | Reached skill level 4 in Unarmed Combat
  1362 | D:2      | Noticed Sigmund
  1372 | D:2      | Mangled by Sigmund

Illustrated notes

Levels and vault maps discovered:
D:1:      psy_arrival_whirlpool, layout_basic
D:2:      layout_basic, kennysheep_generic_room_6, uniq_sigmund, uniq_robin

Skill      XL: |  1  2  3 |
---------------+----------+-----
Unarmed Combat | 4 |  4.1
Fighting       | |  1.1
Dodging        | |  1.7
Spellcasting   | |  2.0
Transmutations | |  2.7

Action                   || total
-------------------------++-------
Melee: Unarmed           ||   107
       Kick              ||    10
       Punch             ||     3
       Tailslap          ||     7
       Headbutt          ||    11
 Cast: Beastly Appendage ||    20
       Wereblood         ||     1
Armor: Skin              ||    33
Dodge: Dodged            ||    71

Table legend: (Time is in decaauts)
 A = Elapsed time spent in this place.
 B = Non-inter-level travel time spent in this place.
 C = Inter-level travel time spent in this place.
 D = Time resting spent in this place.
 E = Time spent auto-exploring this place.
 F = Levels seen in this place.
 G = Mean time per level.
                   A        B        C        D        E       F      G
               +--------+--------+--------+--------+--------+-----+--------+
         Total |   1368 |   1339 |     29 |      0 |    871 |   2 |  684.0 |
       Dungeon |   1368 |   1339 |     29 |      0 |    871 |   2 |  684.0 |
               +--------+--------+--------+--------+--------+-----+--------+

Top non-repeatable levels by time:
     D:1: 1055 daAuts
     D:2: 313 daAuts
